AoeStats
← Dravogh

Nomad

509459820Analyzed
2v2 RM · 7d ago on Sep 26, 2026· 28m 46s· 4 players
Game mode
Random Map
Map size
176×176
Population
200
Speed
Normal
Resources
Standard
Victory
Conquest
Starting age
Dark Age
Ending age
Imperial Age
RankedLock teamsTeams togetherTeam positionsShared explorationLock speedFull tech treeHidden civsTurbo modeCheats
Victory
Defeat
🇵🇱 Teutons · Poland
1373
+14
🇵🇱 Varangians · Poland
1346
+15
🇩🇪 Burgundians · Germany
1344
-15
🇬🇧 Bulgarians · United Kingdom
1308
-14
Fungus_Maximus
4:29 Loom
8:52 Double-Bit Axe
9:25 Fishing Lines
12:10 Wheelbarrow
16:39 Feudal Age
19:58 Town Watch
20:49 Bow Saw
20:32 Gold Mining
22:51 Castle Age
29:40 Gold Shaft Mining
29:08 Husbandry
28:29 Cavalier
EnglishFrank
4:45 Loom
14:26 Feudal Age
14:56 Double-Bit Axe
21:42 Castle Age
19:55 Forging
19:38 Arson
20:25 Scale Barding Armor
20:12 Gold Mining
20:44 Scale Mail Armor
21:19 Bloodlines
21:22 Bloodlines
25:06 Chain Barding Armor
26:23 Iron Casting
26:13 Husbandry
Rat
5:45 Loom
13:28 Feudal Age
17:47 Castle Age
17:59 Double-Bit Axe
22:06 Forging
22:44 Scale Barding Armor
23:48 Iron Casting
26:23 Bloodlines
27:43 Husbandry
29:03 Fishing Lines
Dravogh
5:49 Loom
12:51 Feudal Age
21:32 Castle Age
22:00 Double-Bit Axe
22:42 Horse Collar
23:30 Heavy Plow
24:33 Bow Saw
27:09 Fletching
27:42 Scale Mail Armor
27:53 Forging
Connection lost

Rejoining the realm…

Still unreachable

The connection could not be restored.

Session expired

The server has moved on; the page needs a fresh start.